 Dungeon Crawl Stone Soup version 0.30.1-9-gdf580d7c3d (webtiles) character file.

Game seed: 11463444673653648535

11445 Chiseanne the Destroyer (level 11, 42/70 HPs)
             Began as a Demonspawn Wanderer on Oct 16, 2023.
             Was a Believer of Vehumet.
             Quit the game on level 1 of the Abyss.
             The game lasted 00:43:02 (13711 turns).

Chiseanne the Destroyer (Demonspawn Wanderer)      Turns: 13711, Time: 00:43:02

Health: 42/70      AC: 13    Str:  8    XL:     11   Next: 49%
Magic:  22/25      EV: 10    Int: 28    God:    Vehumet [**....]
Gold:   535        SH:  6    Dex: 13    Spells: 23/30 levels left

rFire   . . .        s - +1 spear (freeze)
rCold   . . .        I - +1 buckler
rNeg    . . .        O - +0 leather armour {Will+}
rPois   .            (no helmet)
rElec   .            (no cloak)
rCorr   .            n - +0 pair of gloves
SInv    .            b - +1 pair of boots
Will    +....        r - amulet of regeneration
Stlth   ++           i - +4 ring of protection
HPRegen 1.11/turn    p - +6 ring of intelligence
MPRegen 0.19/turn

%: no passive effects
@: no status effects
A: claws 1, thin metallic scales 2, demonic guardian 1, powered by death 2
a: Renounce Religion


You were on level 1 of the Abyss.
You worshipped Vehumet.
Vehumet was pleased with you.
You visited 1 branch of the dungeon, and saw 11 of its levels.
You visited the Abyss 1 time.

You collected 600 gold pieces.
You spent 65 gold pieces at shops.

Inventory:

Hand Weapons
 a - a +4 whip of venom
 h - a +4 hand axe of holy wrath
 s - a +1 spear of freezing (weapon)
 w - a +4 sling
 D - a +3 flail
 Q - a +5 spear of pain
Missiles
 e - a throwing net
 y - 5 boomerangs (quivered)
 H - a boomerang of dispersal
 J - 5 atropa-tipped darts
 L - 15 poisoned darts
Armour
 b - a +1 pair of boots (worn)
 n - a +0 pair of gloves (worn)
 I - a +1 buckler (worn)
 O - a +0 leather armour of willpower (worn)
Magical Staves
 K - a staff of earth
 N - a staff of cold
Jewellery
 i - a +4 ring of protection (left hand)
 p - a +6 ring of intelligence (right hand)
 r - an amulet of regeneration (around neck)
 x - an amulet of guardian spirit
Wands
 q - a wand of charming (10)
 M - a wand of light (6)
Scrolls
 j - 3 scrolls of fog
 v - 2 scrolls of blinking
 B - 3 scrolls of immolation
 E - 2 scrolls of poison
 F - 4 scrolls of teleportation
 G - a scroll of amnesia
 P - 2 scrolls of magic mapping
Potions
 c - a potion of invisibility
 f - a potion of magic
 g - 6 potions of heal wounds
 k - 3 potions of resistance
 l - 4 potions of curing
 m - a potion of cancellation {unknown}
 o - 3 potions of might
 t - 2 potions of ambrosia
 u - 2 potions of mutation
 z - 3 potions of flight
 A - a potion of brilliance
Miscellaneous
 C - a phial of floods


   Skills:
 - Level 1.0 Fighting
 - Level 1.0 Polearms
 - Level 1.0 Armour
 - Level 2.6 Stealth
 - Level 5.0 Shields
 * Level 10.4 Spellcasting
 * Level 11.3 Conjurations
 - Level 5.0 Ice Magic
 - Level 5.0 Air Magic


You had 23 spell levels left.
You knew the following spells:

 Your Spells              Type           Power      Damage    Failure   Level
a - Shock                 Conj/Air       100%       1d9       1%          1
b - Magic Dart            Conj           100%       1d8       1%          1
c - Ensorcelled Hibernat  Hex/Ice        56%        N/A       4%          2
d - Mephitic Cloud        Conj/Pois/Air  45%        N/A       2%          3

Your spell library contained the following spells:

 Spells                   Type           Power      Damage    Failure   Level
 Scorch                   Fire           28%        2d6       12%         2
 Static Discharge         Conj/Air       100%       2-7/arc   1%          2
 Swiftness                Air            42%        N/A       3%          3
 Beastly Appendage        Tmut           28%        N/A       9%          1
 Summon Small Mammal      Summ           56%        N/A       9%          1
 Call Imp                 Summ           28%        N/A       12%         2
 Passwall                 Tmut/Erth      11%        N/A       12%         2
 Wereblood                Tmut           14%        N/A       12%         2
 Call Canine Familiar     Summ           14%        N/A       24%         3
 Spider Form              Tmut/Pois      14%        N/A       24%         3
 Summon Guardian Golem    Hex/Summ       14%        N/A       24%         3
 Summon Lightning Spire   Summ/Air       28%        N/A       28%         4


Dungeon Overview and Level Annotations

Branches:
Dungeon (11/15)            Temple (0/1) D:5            Lair (0/5) D:8
    Orc: D:9-12

Altars:
Ashenzari
Cheibriados
Hepliaklqana
Kikubaaqudgha
Nemelex Xobeh
Qazlal
Sif Muna
Trog
Uskayaw
Vehumet
Xom

Shops:
D:8 ?

Annotations:
D:6 2 runed translucent doors, fedepesso's ghost, novice TrGl
D:11 Psyche


Innate Abilities, Weirdness & Mutations

You have sharp fingernails.
You are mostly covered in thin metallic scales. (AC +3)
A weak demonic guardian rushes to your aid.
You regenerate health from kills.


Message History

The demonic crawler hits you.
You closely miss the demonic crawler.
The demonic crawler hits you but does no damage. x2
The demonic crawler barely misses you.
Casting: Mephitic Cloud (mildly dangerous; 2% risk of failure)
Confirm with . or Enter, or press ? or * to list all spells.
Aiming: Shock (safe; 1% risk of failure)
Press: ? - help, Shift-Dir - straight line The zap hits the demonic crawler but does no damage. x2
The demonic crawler hits you but does no damage.
The demonic crawler hits you. x2; The demonic crawler closely misses you. x3
Casting: Shock (safe; 1% risk of failure)
Confirm with . or Enter, or press ? or * to list all spells.
Aiming: Shock (safe; 1% risk of failure)
Press: ? - help, Shift-Dir - straight line The zap hits the demonic crawler.
The demonic crawler is lightly wounded.
The zap hits the demonic crawler but does no damage.
The demonic crawler is lightly wounded.
The demonic crawler hits you but does no damage.
The demonic crawler misses you. The demonic crawler hits you.
Casting: Shock (safe; 1% risk of failure)
Confirm with . or Enter, or press ? or * to list all spells.
Aiming: Shock (safe; 1% risk of failure)
Press: ? - help, Shift-Dir - straight line That beam is likely to hit you.
Continue anyway? [Y]es or [N]o only, please.
That beam is likely to hit you.
Continue anyway?
The zap hits you but does no damage.
The zap hits the demonic crawler.
The demonic crawler is lightly wounded.
The zap hits the demonic crawler but does no damage.
The demonic crawler is lightly wounded.
The demonic crawler hits you! You block the demonic crawler's attack.
The demonic crawler barely misses you.
Your +4 whip of venom stops dripping with poison.
Your +1 spear of freezing glows with a cold blue light!
s - a +1 spear of freezing (weapon)
The demonic crawler closely misses you.
You block the demonic crawler's attack. x2
Unknown command.
Are you sure you want to abandon this character and quit the game? (Confirm with "yes".)

... .. ...ยง #
.. #... . .# #
# ...##.#.#.###
#. #...#..#...
#.##........ .
..
#.....#..##....
# . #....@s..#
## #..##
###....##.##
#.# #.#.#
#...##.....
....
..#.###.#.###s
## ..# #...#.
#.# #
#.###.#.## .#
#... ..## #
#.....#.## #
.#.#.##.## #


You could see a demonic crawler (poisoned).

Vanquished Creatures
  A boulder beetle (D:11)
  Joseph (D:9)
  An unseen horror (D:9)
  2 trolls
  A wyvern (D:8)
  A shadow (D:10)
  40 yaks
  A steam dragon (D:9)
  4 orc warriors
  An ice beast (D:7)
  2 black bears (D:8)
  A sky beast (D:7)
  3 centaurs
  2 ogres
  A phantom (D:6)
  2 bullfrogs
  A kobold brigand (D:10)
  A gnoll sergeant (D:5)
  2 scorpions
  3 wights (D:9)
  7 killer bees
  3 howler monkeys
  4 hounds
  2 jellies
  5 gnoll boudas
  2 orc priests
  4 iguanas
  2 sleepcaps
  11 orc wizards
  7 adders
  22 gnolls
  A shadow imp (D:7)
  A white imp (D:6)
  3 worms
  2 dart slugs (D:1)
  26 orcs
  11 ball pythons
  5 bats
  11 endoplasms
  3 giant cockroaches
  9 goblins
  6 hobgoblins
  4 jackals
  2 quokkas
  3 frilled lizards
  7 kobolds
  4 rats
  A butterfly (D:5)
239 creatures vanquished.

Vanquished Creatures (collateral kills)
  A water moccasin (D:9)
  2 wights (D:9)
  An orc wizard (D:3)
4 creatures vanquished.

Vanquished Creatures (others)
  A yak (D:9)
  A killer bee (D:6)
  An orc wizard (D:3)
3 creatures vanquished.

Grand Total: 246 creatures vanquished

Notes
Turn   | Place    | Note
-------+----------+-------------------------------------------
     0 | D:1      | Chiseanne the Demonspawn Wanderer began the quest for the
                  | Orb.
     0 | D:1      | Chiseanne set off with the following items: a +0 spear, a
                  | +0 pair of boots, a scroll of fear, a +0 robe; and the
                  | following spell memorised: Shock; and the following spells
                  | available to memorise: Static Discharge, Summon Lightning
                  | Spire.
     0 | D:1      | Reached XP level 1. HP: 15/15 MP: 2/2
   249 | D:1      | Gained mutation: You are partially covered in thin metallic
                  | scales. (AC +2) [demonic ancestry]
   249 | D:1      | Reached XP level 2. HP: 16/21 MP: 0/4
   370 | D:1      | Reached skill level 1 in Conjurations
  1063 | D:1      | Learned a level 1 spell: Magic Dart
  1235 | D:2      | Gained mutation: You regenerate a little health from kills.
                  | [demonic ancestry]
  1235 | D:2      | Reached XP level 3. HP: 24/26 MP: 0/5
  2286 | D:2      | Learned a level 2 spell: Ensorcelled Hibernation
  2649 | D:2      | Reached skill level 2 in Conjurations
  2649 | D:2      | Reached XP level 4. HP: 32/32 MP: 5/7
  2800 | D:3      | Found a broken altar of Ashenzari.
  3607 | D:3      | Found a hide-covered altar of Uskayaw.
  3675 | D:3      | Found a shimmering blue altar of Sif Muna.
  3690 | D:3      | Gained mutation: You are mostly covered in thin metallic
                  | scales. (AC +3) [demonic ancestry]
  3690 | D:3      | Reached XP level 5. HP: 37/37 MP: 4/9
  3865 | D:3      | Found a shimmering altar of Xom.
  4178 | D:4      | Reached skill level 3 in Conjurations
  4271 | D:4      | Found a radiant altar of Vehumet.
  4297 | D:4      | You fall into a shaft and drop 2 floors!
  4452 | D:6      | Reached XP level 6. HP: 43/43 MP: 4/10
  4727 | D:6      | Found a runed translucent door.
  4729 | D:6      | Noticed fedepesso's ghost (novice TrGl)
  4745 | D:6      | Found a runed translucent door.
  4975 | D:6      | Reached skill level 4 in Conjurations
  4980 | D:6      | Gained mutation: You have sharp fingernails. [demonic
                  | ancestry]
  4980 | D:6      | Reached XP level 7. HP: 48/48 MP: 2/12
  5058 | D:6      | Learned a level 3 spell: Mephitic Cloud
  5585 | D:6      | Reached skill level 1 in Ice Magic
  5709 | D:6      | Reached skill level 5 in Air Magic
  6162 | D:7      | Found a snail-covered altar of Cheibriados.
  6179 | D:7      | Reached skill level 5 in Conjurations
  6181 | D:7      | Reached XP level 8. HP: 54/54 MP: 5/15
  6369 | D:7      | Reached skill level 5 in Spellcasting
  6829 | D:7      | Found a bloodstained altar of Trog.
  7074 | D:5      | Entered Level 5 of the Dungeon
  7144 | D:5      | Found a stormy altar of Qazlal.
  7188 | D:5      | Reached skill level 6 in Conjurations
  7245 | D:5      | Reached XP level 9. HP: 53/59 MP: 5/18
  7843 | D:4      | Became a worshipper of Vehumet
  8223 | D:5      | Found a staircase to the Ecumenical Temple.
  8683 | D:5      | Found an ancient bone altar of Kikubaaqudgha.
  8691 | D:5      | Found a hazy altar of Hepliaklqana.
  8692 | D:5      | Found a sparkling altar of Nemelex Xobeh.
  8891 | D:7      | Reached skill level 7 in Conjurations
  8891 | D:7      | Reached skill level 5 in Ice Magic
  9014 | D:8      | Found a staircase to the Lair.
  9564 | D:8      | Found Tauxerph's Magic Scroll Boutique.
  9570 | D:8      | Bought a scroll of identify for 26 gold pieces
  9570 | D:8      | Bought a scroll of teleportation for 39 gold pieces
  9647 | D:8      | Reached skill level 8 in Conjurations
 10430 | D:9      | Gained mutation: A weak demonic guardian rushes to your
                  | aid. [demonic ancestry]
 10430 | D:9      | Reached XP level 10. HP: 65/65 MP: 11/22
 10437 | D:9      | Noticed Joseph
 10746 | D:9      | Reached skill level 9 in Conjurations
 10752 | D:9      | Reached * piety under Vehumet
 10752 | D:9      | Offered knowledge of Sandblast by Vehumet.
 11027 | D:9      | Killed Joseph
 11334 | D:9      | Reached skill level 10 in Conjurations
 11709 | D:10     | Entered Level 10 of the Dungeon
 11830 | D:10     | Reached skill level 1 in Shields
 12235 | D:10     | Gained mutation: You regenerate health from kills. [demonic
                  | ancestry]
 12235 | D:10     | Reached XP level 11. HP: 61/70 MP: 21/24
 12346 | D:10     | Reached ** piety under Vehumet
 12346 | D:10     | Offered knowledge of Momentum Strike by Vehumet.
 12349 | D:10     | Reached skill level 5 in Shields
 12687 | D:10     | Reached skill level 10 in Spellcasting
 13181 | D:11     | Reached skill level 11 in Conjurations
 13191 | D:11     | Offered knowledge of Scorch by Vehumet.
 13281 | D:11     | Noticed Psyche
 13285 | D:11     | Noticed a boulder beetle
 13293 | D:11     | Killed a boulder beetle
 13646 | Abyss:1  | Cast into level 1 of the Abyss (Psyche)
 13647 | Abyss:1  | Chiseanne: FUCK YOU DISGUSTING ASSHOLES
 13659 | Abyss:1  | Found a corrupted altar of Lugonu.
 13711 | Abyss:1  | Quit the game

Illustrated notes

Levels and vault maps discovered:
D:1:      dpeg_arrival_stone_temple_mockup, layout_loops_ring,
          minmay_tetromino_i4
D:2:      kb_forest_paths, layout_basic, basic_altar
D:3:      layout_basic, mainiacjoe_overflow_alcove_2, led_sif_book,
          cheibrodos_ashenzari_chains, lemuel_tele_altar
D:4:      layout_cave_pods, nicolae_overflow_crystal_walls, kennysheep_path_1,
          hex_tiny
D:5:      layout_rooms, mainiacjoe_overflow_brackets, minitemple,
          minmay_temple_entry_butterflies
D:6:      layout_basic, ebering_ghost_sewer_f, hangedman_decor_peaks_small
D:7:      layout_rooms, mainiacjoe_overflow_tiny_flanked, lemuel_round_altar,
          mainiacjoe_overflow_boulevard
D:8:      layout_loops_cross, dpeg_oklobed_lair, serial_shops, shop
D:9:      layout_loops_ring, kennysheep_dice, uniq_joseph
D:10:     layout_rooms
D:11:     layout_cross, uniq_psyche
Abyss:1:  base: D:11, evilmike_abyss_exit_4, hangedman_abyss_or_decor_passed

Skill      XL: |  1  2  3  4  5  6  7  8  9 10 11 |
---------------+----------------------------------+-----
Conjurations   | 1 2 3 4 5 6 8 10 11 | 11.3
Air Magic      | 3 4 5 |  5.0
Spellcasting   | 2 3 4 6 8 9 10 | 10.4
Ice Magic      | 2 4 5 |  5.0
Shields        | 4 5 |  5.0
Fighting       | |  1.0
Polearms       | |  1.0
Armour         | |  1.0
Stealth        | |  2.6

Action                     |  1- 3 |  4- 6 |  7- 9 | 10-12 || total
---------------------------+-------+-------+-------+-------++-------
  Melee: Spear             |    71 |    24 |    16 |     5 ||   116
         Whip              |       |       |    85 |   155 ||   240
         Punch             |       |       |     5 |     1 ||     6
  Throw: Stone             |     4 |       |       |       ||     4
         Boomerang         |       |       |       |     1 ||     1
   Cast: Shock             |    99 |   133 |   240 |   160 ||   632
         Mephitic Cloud    |       |       |    39 |    36 ||    75
         Magic Dart        |       |       |     7 |       ||     7
  Evoke: Wand              |       |     2 |     3 |     2 ||     7
    Use: Scroll            |     8 |     5 |    12 |     6 ||    31
         Potion            |       |       |     1 |       ||     1
   Stab: Confused          |       |       |    10 |    20 ||    30
 Armour: Robe              |    29 |    24 |    52 |    65 ||   170
         Leather armour    |       |       |       |    12 ||    12
  Dodge: Dodged            |    58 |    35 |    80 |    80 ||   253
  Block: Buckler           |       |       |       |    34 ||    34
